← All builds
Beach sea / Cortex / Economy first / OBSERVED BUILD

Standard beach sea

The role's usual play: com goes to sea to build a shipyard around 2 minutes, pumping frigates and destroyers to contest enemy sea entry or hold vision, with an advanced metal extractor around 10 minutes as the transition into the team's…

Usually shipyard first (94%)

#naval #eco · 772 distinct matches · 104 players · 84% of Cortex Beach sea games · team won 55% of 835 · Recently observed

HOW TO PLAY IT

Key timing: Shipyard by 1:57

  1. Open 3 mex and wind while com heads straight to sea.
  2. Drop Shipyard fast, before 2:00, to seize early sea presence.
  3. Push "frigate" out to contest enemy sea entry or hold vision.
  4. Add "destroyer" as the fleet grows.
  5. Transition into Advanced Metal Extractor to catch up on eco.

Phase by phase

TYPICAL OF ITS 772 GAMES
  1. 1
  2. 2
  3. 3
PLAY THE OPENING

Follow the example game's first 6:00 step by step: what to build now, what comes next, and where it goes. At 1× it keeps pace with your own game.

  1. 1

    Up to the Shipyard

    Economy
    • Metal Extractor3Mex
    • Wind Turbine3Windfor allies
    • Wind Turbine2Wind
    • Energy Storage1Energy storage
    Order
    1. ShipyardShipyard after 3 mex, 2 wind, 1 energy storagedone ~1:57, middle half 1:45–2:08

    By 1:41 in all: 3 mex · 2 wind · 1 energy storage

    The example game in this phase · 18 steps
    1. Mex ×3
    2. Solar
    3. Wind ×2for Air
    4. Wind
    5. Energy storage
    6. Wind ×2
    7. Bot LabBot Labdone 1:46
    8. GuardGuard
    9. GraverobberGraverobber ×2
    10. Construction BotCon bot ×4
    11. GruntGrunt
    12. Con turret
    13. GraverobberGraverobber
    14. Mex
    15. Wind
    16. Converter
    17. GuardGuard
    18. ShipyardShipyarddone 3:34 · typical 1:57
  2. 2

    Shipyard to 5:00

    Economy
    • Metal Extractor5Mex
    • Tidal Generator2Tidal
    Builders
    • Construction Ship2 Con ship
    Army
    • Riptide2 Frigate
    • Herring1 Missile corvette
    • Oppressor1 Destroyer
    Other
    • Naval Radar / Sonar Tower1 Naval Radar / Sonar Tower

    Some games also: Urchin (43%) · wind (40%) · submarine (39%) · gunboat (35%) · con turret (35%)

    By 5:00 in all: 8 mex · 3 wind · 2 tidal · 1 energy storage

    The example game in this phase · 21 steps
    1. Wind
    2. GuardGuard
    3. Wind
    4. Converter
    5. SupporterGunboat
    6. Wind
    7. SupporterGunboat
    8. Construction ShipCon ship
    9. ThistleThistle
    10. Radar TowerRadar Tower
    11. Converter
    12. Wind
    13. RiptideFrigatedone 4:35 · typical 3:52
    14. Mex ×2
    15. Con turret
    16. Wind
    17. HerringMissile corvette
    18. Converter
    19. Mex
    20. UrchinUrchin
    21. Converter
  3. 3

    5:00 to 10:00

    Economy
    • Metal Extractor1Mex
    • Wind Turbine10Wind
    Builders
    • Death Cavalry1 Death Cavalry
    • Construction Ship1 Con ship
    Army
    • Riptide5 Frigate
    • Oppressor2 Destroyer
    • Herring2 Missile corvette
    Other
    • Naval Radar / Sonar Tower1 Naval Radar / Sonar Tower

    Some games also: Urchin (50%) · Naval Construction Turret (48%) · Guard (47%) · Radar Tower (41%) · tidal (38%)

    By 10:00 in all: 9 mex · 12 wind · 4 wind · 4 tidal · 1 energy storage · 1 Naval Construction Turret

    The example game in this phase · 110 steps
    1. Wind
    2. Construction ShipCon ship
    3. Converter
    4. Radar TowerRadar Tower
    5. Wind
    6. Mex
    7. Converter
    8. Naval Radar / Sonar TowerNaval Radar / Sonar Tower
    9. Wind
    10. GuardGuard
    11. Wind
    12. OrcaSubmarinedone 6:19
    13. Converter
    14. Shark's TeethShark's Teeth
    15. Wind
    16. Shark's TeethShark's Teeth
    17. Converter
    18. Mex
    19. Shark's TeethShark's Teeth
    20. GuardGuard
    21. Shark's TeethShark's Teeth ×2
    22. Wind
    23. Shark's TeethShark's Teeth ×2
    24. RiptideFrigate
    25. Shark's TeethShark's Teeth
    26. Wind
    27. Naval Radar / Sonar TowerNaval Radar / Sonar Tower ×2
    28. Shark's TeethShark's Teeth
    29. Converter
    30. Shark's TeethShark's Teeth
    31. GuardGuard
    32. Shark's TeethShark's Teeth ×2
    33. Wind
    34. Shark's TeethShark's Teeth
    35. Converter
    36. Wind
    37. Death CavalryDeath Cavalry
    38. Wind
    39. Naval Radar / Sonar TowerNaval Radar / Sonar Tower
    40. OppressorDestroyerdone 8:11 · typical 5:08
    41. GuardGuard
    42. Converter
    43. Wind
    44. Converter
    45. Naval Radar / Sonar TowerNaval Radar / Sonar Tower
    46. Advanced Metal ExtractorT2 mexdone 9:02 · typical 9:57
    47. Wind
    48. Converter
    49. GuardGuard
    50. Naval Radar / Sonar TowerNaval Radar / Sonar Tower
    51. Wind
    52. HerringMissile corvette
    53. Converter
    54. RiptideFrigate
    55. Wind
    56. GuardGuard
    57. Wind
    58. HerringMissile corvette
    59. Converter
    60. Advanced Metal ExtractorT2 mex
    61. Death CavalryDeath Cavalry
    62. Naval Radar / Sonar TowerNaval Radar / Sonar Tower
    63. Wind
    64. RiptideFrigate
    65. Wind
    66. RiptideFrigate
    67. Naval Radar / Sonar TowerNaval Radar / Sonar Tower
    68. Advanced Metal ExtractorT2 mex
    69. Con turret
    70. Dragon's MawDragon's Maw
    71. Wind ×2
    72. RiptideFrigate
    73. Dragon's MawDragon's Maw
    74. Wind
    75. OppressorDestroyer
    76. Wind
    77. Advanced Metal ExtractorT2 mex
    78. HerringMissile corvette
    79. Death CavalryDeath Cavalry
    80. Wind
    81. RiptideFrigate ×2
    82. Wind
    83. Dragon's MawDragon's Maw
    84. RiptideFrigate
    85. BeholderBeholder
    86. Wind
    87. RiptideFrigate
    88. BeholderBeholder
    89. OppressorDestroyer
    90. Fusion ReactorFusiondone 14:42
    91. Wind
    92. Con turret
    93. Dragon's MawDragon's Maw
    94. Wind
    95. HerringMissile corvette
    96. Death CavalryDeath Cavalry
    97. RiptideFrigate
    98. Wind
    99. RiptideFrigate ×3
    100. Wind ×2
    101. OppressorDestroyer
    102. Con turret
    103. Naval Radar / Sonar TowerNaval Radar / Sonar Tower
    104. Wind
    105. Dragon's MawDragon's Maw
    106. Fusion ReactorFusion
    107. Con turret
    108. HerringMissile corvette
    109. Death CavalryDeath Cavalry
    110. Wind

Counts are medians over the build's games: half of them build more, half fewer. The example game is NFX_Scurvy's (37 OS, 27/09/2026); pick another.

Team trades

IN AT LEAST 30% OF ITS GAMES

You hand over

  • Wind Turbine3 Wind to Airfirst at 1:53 · in 78% of games

You get

  • Finch1 Finch from Airfirst at 1:58 · in 82% of games
  • Lazarus1 Lazarus from Geofirst at 2:14 · in 61% of games
  • Hephaestus1 Heavy transport from Airfirst at 2:16 · in 69% of games
  • Construction Bot1 Con bot from Geofirst at 2:28 · in 69% of games
  • Hercules1 Light transport from Airfirst at 2:35 · in 32% of games
  • Advanced Construction Bot1 T2 con bot from Techfirst at 8:09 · in 88% of games

How it plays out

Typical game of this build, running totals by minute

Metal produced

010k20k30k
0:005:0010:0015:00

metal

Enemy metal destroyed

05k10k
0:005:0010:0015:00

metal

Own metal lost

02.5k5k7.5k
0:005:0010:0015:00

metal

835 games.

Show as table
ByMetal produced: This buildEnemy metal destroyed: This buildOwn metal lost: This build
1:0040300
2:0093700
3:00156500
4:002523050
5:003700197100
6:005029535251
7:0064741100590
8:00807018551041
9:00967728731621
10:001159240072365
11:001380852273102
12:001636062233842
13:001911472554615
14:002195382755711
15:002492992656526
WHAT THE NUMBERS SAY

Standard Beach sea wins more than Geo sea's 50% and gets its Shipyard up faster, using early sea access before falling behind on land resources.

  • + Shipyard finishes by 1:57, faster than Geo sea's 3:18
  • + 54% team win rate beats the Cortex geo sea baseline
  • − Metal produced trails Geo sea's Cortex build, 24356 vs 28451 by 15:00
  • − T2 factory only lands in 35% of games by 12:42
THE EXAMPLE YOU ARE READING

NFX_Scurvy

37.0 OS · 27/09/2026

Open source match ↗

3 received units · includes a constructor
174 metal received · 30842 energy received

Allied construction assistance is unknown. Timings are observations, not a promise of solo reproducibility.

Typical milestones

Shipyard1:57Middle 50%: 1:45–2:08 · n=833
Riptide3:52Middle 50%: 3:16–4:34 · n=826
Oppressor5:08Middle 50%: 4:12–6:06 · n=807
Advanced Metal Extractor9:57Middle 50%: 9:15–10:53 · n=708

Played most by

EpicTyrannus78games of this buildDamsko66games of this buildWaboum64games of this buildPRO_HYDRA57games of this buildMrCoolPotato51games of this build